 Dungeon Crawl Stone Soup version 0.28.0-45-g0d030f2227 (webtiles) character file.

Game seed: 16677927901325387978

89 NinjaNoafa the Gusty (level 4, 0/34 HPs)
             Began as a Draconian Air Elementalist on Apr 7, 2022.
             Slain by Terence
             ... wielding a +2 short sword of freezing
              (2 damage)
             ... on level 2 of the Dungeon.
             The game lasted 00:07:35 (3477 turns).

NinjaNoafa the Gusty (Draconian Air Elementalist)   Turns: 3477, Time: 00:07:35

Health: 0/34       AC:  5    Str: 10    XL:     4   Next: 31%
Magic:  4/7        EV: 12    Int: 18    God:
Gold:   137        SH:  0    Dex: 11    Spells: 6/7 levels left

rFire   . . .      SeeInvis .   b - +0 dagger
rCold   . . .      Faith    .   (no shield)
rNeg    . . .      Spirit   .   (armour unavailable)
rPois   .          Reflect  .   (helmet restricted)
rElec   .          Harm     .   (no cloak)
rCorr   .          Rampage  .   (no gloves)
Will    .....                   (no boots)
Stlth   ++........              (no amulet)
HPRegen 0.11/turn               (no ring)
MPRegen 0.10/turn               (no ring)

@: slowed, very slow
A: AC +5, unfitting armour, cold-blooded
a: no special abilities


You were on level 2 of the Dungeon.
You visited 1 branch of the dungeon, and saw 2 of its levels.

You collected 137 gold pieces.

Inventory:

Hand Weapons
 b - a +0 dagger (weapon)
Missiles
 d - 34 stones
Scrolls
 a - a scroll of identify
 e - a scroll of magic mapping
Potions
 c - a potion of attraction


   Skills:
 * Level 0.8 Fighting
 + Level 2.4 Dodging
 - Level 2.0 Stealth
 + Level 2.4 Spellcasting
 * Level 1.8 Conjurations
 + Level 3.9 Air Magic


You had 6 spell levels left.
You knew the following spells:

 Your Spells              Type           Power      Damage    Failure   Level
a - Shock                 Conj/Air       48%        1d6       5%          1

Your spell library contained the following spells:

 Spells                   Type           Power      Damage    Failure   Level
 Static Discharge         Conj/Air       12%        N/A       9%          2
 Swiftness                Air            16%        N/A       11%         3
 Airstrike                Air            8%         N/A       34%         4
 Ozocubu's Armour         Ice            2%         N/A       45%         3
 Metabolic Englaciation   Hex/Ice        1%         N/A       99%         5
 Simulacrum               Ice/Necr       1%         N/A       100%        6


Dungeon Overview and Level Annotations

Branches:
Dungeon (2/15)

Altars:

Annotations:
D:2 Terence


Innate Abilities, Weirdness & Mutations

Your plain brown scales are hard. (AC +5)
You cannot fit into any form of body armour.
You are cold-blooded and may be slowed by cold attacks.


Message History

Terence says, "Rest in peace."
Terence misses you.
Terence says, "Don't bother to defend, it's pointless."
Casting: Shock (safe; 5% risk of failure)
Confirm with . or Enter, or press ? or * to list all spells.
Aiming: Shock (safe; 5% risk of failure)
Press: ? - help, Shift-Dir - straight line, f/p - Terence
Aim: Terence, wielding a +2 short sword of freezing and wearing a +0 scale mail (heavily wounded, 72% to hit)
The zap hits Terence but does no damage.
Terence is heavily wounded.
The zap hits Terence.
Terence is heavily wounded.
Terence misses you.
Casting: Shock (safe; 5% risk of failure)
Confirm with . or Enter, or press ? or * to list all spells.
You don't know that spell.
Casting: Shock (safe; 5% risk of failure)
Confirm with . or Enter, or press ? or * to list all spells.
Aiming: Shock (safe; 5% risk of failure)
Press: ? - help, Shift-Dir - straight line, f/p - Terence
Aim: Terence, wielding a +2 short sword of freezing and wearing a +0 scale mail (heavily wounded, 72% to hit)
The zap hits Terence.
Terence is severely wounded.
The zap hits Terence.
Terence is almost dead.
Terence says, "Rest in peace."
Terence completely misses you.
Casting: Shock (safe; 5% risk of failure)
Confirm with . or Enter, or press ? or * to list all spells.
Aiming: Shock (safe; 5% risk of failure)
Press: ? - help, Shift-Dir - straight line, f/p - Terence
Aim: Terence, wielding a +2 short sword of freezing and wearing a +0 scale mail (almost dead, 72% to hit)
The zap hits Terence but does no damage.
Terence is almost dead.
The zap hits Terence.
Terence is almost dead.
Terence hits you with a +2 short sword of freezing.
* * * LOW HITPOINT WARNING * * *
You feel yourself slow down. Terence freezes you.
You die...

####### ###.###.###....#
..# #######.#...# #..###
.#####.....†.#.#####..###
.##..'.......#..........#
.##.##.......##########.#
.##.#...#.##...#.....##.#
.##.###.#.####.#.###....#
.##.#.....#..#.#.# ######
.##.#.#.###..#.#@#
....#.#.# #..#.#@#
#####.#.# #..#.#.#######
#.#.###..#.#.......#
#####>#......#.#######.#
......######.#......##.##
.# #######
#@######.##.##.####.# #.#
#.##.#.....#.# #.# #.##.#
#.#.#


You could see Terence.

Vanquished Creatures
  An adder (D:2)
  A worm (D:2)
  2 dart slugs (D:1)
  11 endoplasms
  15 giant cockroaches
  3 hobgoblins
  2 jackals (D:1)
  3 kobolds
  2 quokkas
  3 ball pythons
  5 bats
  3 frilled lizards
  5 goblins
  8 rats
64 creatures vanquished.

Notes
Turn   | Place    | Note
-------+----------+-------------------------------------------
     0 | D:1      | NinjaNoafa the Draconian Air Elementalist began the quest
                  | for the Orb.
     0 | D:1      | Reached XP level 1. HP: 14/14 MP: 3/3
     1 | D:1      | Found a runed translucent door.
    75 | D:1      | Reached XP level 2. HP: 4/20 MP: 0/5
    83 | D:1      | HP: 1/20 [kobold/+0 short sword (2)]
   702 | D:1      | Reached XP level 3. HP: 26/26 MP: 3/6
  2251 | D:2      | Reached XP level 4. HP: 33/34 MP: 5/7
  2880 | D:2      | Noticed Terence
  3477 | D:2      | Slain by Terence

Illustrated notes

Levels and vault maps discovered:
D:1:      dpeg_arrival_caged_fury, layout_rooms, serial_co_window_serial,
          co_window_paths_a, co_window_paths_b, co_window_corner_a,
          co_window_paths_b, co_window_corner_a, co_window_cross_4,
          co_window_corner_b, co_window_of_opportunity_b,
          co_window_of_opportunity_c, co_window_paths_c, co_window_paths_e,
          glass_columns_a, glass_columns_a, minmay_tripent
D:2:      layout_basic, serial_glass, glass_columns_a, glass_columns_b,
          minmay_unequal, uniq_terence

Skill      XL: |  1  2 |
---------------+-------+-----
Dodging        | 2 |  2.4
Stealth        | 2 |  2.0
Fighting       | |  0.8
Spellcasting   | |  2.4
Conjurations   | |  1.8
Air Magic      | |  3.9

Action                   |  1- 3 |  4- 6 || total
-------------------------+-------+-------++-------
Melee: Unarmed           |    52 |       ||    52
       Tailslap          |     7 |       ||     7
       Dagger            |    27 |     9 ||    36
       Punch             |     1 |       ||     1
 Cast: Shock             |    86 |    31 ||   117
  Use: Potion            |     1 |       ||     1
       Scroll            |       |     4 ||     4
Armor: Skin              |    49 |     1 ||    50
Dodge: Dodged            |    68 |    18 ||    86
